General information
- name: BNet
- type: Ladder team game (AT/RT)
- host: Battle.net
- saver: RodTheKnight
map: FullScaleAssault
- players: 8
- length: 56:46
- speed: Fast
- version: 1.26 W3XP
- replay type: Public
» download(281 KB)
Players
team 1 (winner)
BobTheRonin (
yellow | 52 APM | 2963 actions | 56:46)
10 Blademaster
3 Wind Walk
3 Critical Strike
1 Bladestorm
3 Mirror Image
» actions
| Assign group hotkey | 245 | |
| Basic commands | 92 | |
| Build / train | 93 | |
| Enter build submenu | 55 | |
| Enter hero's abilities submenu | 10 | |
| Give item / drop item | 8 | |
| Right click | 1253 | |
| Select / deselect | 551 | |
| Select group hotkey | 441 | |
| Use ability | 215 | |
2963 total
» units
| Peon | 8 | |
| Grunt | 8 | |
| Goblin Shredder | 1 | |
| Goblin Zeppelin | 6 | |
| Troll Batrider | 3 | |
| Wind Rider | 6 | |
| Blue Dragon | 5 | |
| Blue Drake | 3 | |
| Demolisher | 4 | |
44 total
» upgrades
| Reinforced Defenses | 1 | |
| Ranged Weapons | 3 | |
| Armor | 3 | |
| Liquid Fire | 1 | |
| Envenomed Spears | 1 | |
| Ensnare | 1 | |
| Pillage | 1 | |
| Burning Oil | 1 | |
12 total
» buildings
| Orc Burrow | 7 | |
| Altar of Storms | 1 | |
| Barracks | 3 | |
| Voodoo Lounge | 1 | |
| Stronghold | 4 | |
| Great Hall | 3 | |
| War Mill | 2 | |
| Fortress | 1 | |
| Watch Tower | 40 | |
| Beastiary | 5 | |
67 total
» build order
00:34 Orc Burrow
00:39 Altar of Storms
00:40 Barracks
01:32 Orc Burrow
01:38 Voodoo Lounge
02:52 Stronghold
02:52 Stronghold
03:52 Orc Burrow
04:50 Great Hall
06:02 War Mill
06:32 Fortress
06:46 Orc Burrow
07:37 Watch Tower
07:38 Watch Tower
07:39 Watch Tower
07:40 Watch Tower
09:37 Beastiary
09:38 Beastiary
09:38 Beastiary
09:42 Beastiary
10:08 Beastiary
10:48 War Mill
11:51 Watch Tower
11:52 Watch Tower
11:54 Watch Tower
11:56 Watch Tower
11:59 Watch Tower
16:33 Watch Tower
16:35 Watch Tower
16:36 Watch Tower
16:38 Watch Tower
16:42 Watch Tower
24:46 Watch Tower
24:46 Watch Tower
24:47 Watch Tower
24:48 Watch Tower
24:48 Watch Tower
24:49 Watch Tower
24:49 Watch Tower
24:50 Watch Tower
27:36 Orc Burrow
34:03 Great Hall
34:06 Watch Tower
34:07 Watch Tower
34:07 Watch Tower
34:07 Watch Tower
34:10 Watch Tower
34:10 Watch Tower
34:11 Watch Tower
34:12 Watch Tower
34:12 Watch Tower
34:13 Watch Tower
34:14 Watch Tower
34:15 Watch Tower
37:14 Great Hall
37:17 Watch Tower
37:18 Watch Tower
37:20 Watch Tower
37:21 Watch Tower
37:22 Watch Tower
39:32 Barracks
39:35 Barracks
39:49 Orc Burrow
39:54 Orc Burrow
» items
| Healing Salve | 6 | |
| Mechanical Critter | 4 | |
| Potion of Mana | 3 | |
| Lesser Clarity Potion | 3 | |
| Potion of Healing | 1 | |
| Scroll of Town Portal | 2 | |
| Orb of Lightning | 1 | |
| Staff of Teleportation | 1 | |
21 total
RodTheKnight (
pink | 73 APM | 4147 actions | 56:46)
10 Archmage
3 Summon Water Elemental
3 Brilliance Aura
3 Blizzard
1 Mass Teleport
» actions
| Assign group hotkey | 76 | |
| Basic commands | 166 | |
| Build / train | 152 | |
| ESC pressed | 4 | |
| Enter build submenu | 51 | |
| Enter hero's abilities submenu | 11 | |
| Give item / drop item | 11 | |
| Remove unit from queue | 1 | |
| Right click | 1551 | |
| Select / deselect | 517 | |
| Select group hotkey | 1161 | |
| Use ability | 446 | |
4147 total
» units
| Peasant | 29 | |
| Footman | 4 | |
| Goblin Zeppelin | 9 | |
| Sorceress | 1 | |
| Gryphon Rider | 4 | |
| Dragonhawk Rider | 8 | |
| Goblin Sapper | 5 | |
60 total
» upgrades
| Masonry | 3 | |
| Lumber Harvesting | 2 | |
| Swords | 3 | |
| Armor | 3 | |
| Sorceress Training | 2 | |
| Magic Sentry | 1 | |
| Storm Hammers | 1 | |
| Cloud | 1 | |
| Animal War Training | 1 | |
| Plating | 1 | |
| Gunpowder | 1 | |
19 total
» buildings
| Altar of Kings | 1 | |
| Barracks | 1 | |
| Farm | 13 | |
| Lumber Mill | 1 | |
| Town Hall | 7 | |
| Arcane Vault | 1 | |
| Keep | 7 | |
| Scout Tower | 17 | |
| Blacksmith | 2 | |
| Guard Tower | 16 | |
| Castle | 4 | |
| Arcane Sanctum | 1 | |
| Gryphon Aviary | 4 | |
75 total
» build order
00:37 Altar of Kings
00:39 Barracks
00:50 Farm
01:04 Farm
01:36 Farm
02:21 Farm
03:03 Farm
03:14 Lumber Mill
04:00 Town Hall
04:10 Arcane Vault
04:55 Keep
04:55 Keep
05:50 Scout Tower
05:51 Scout Tower
05:53 Scout Tower
05:55 Keep
05:56 Keep
05:56 Keep
06:00 Blacksmith
06:39 Guard Tower
06:39 Guard Tower
06:39 Guard Tower
08:52 Castle
08:52 Castle
08:56 Blacksmith
10:34 Scout Tower
10:35 Scout Tower
10:36 Scout Tower
11:09 Guard Tower
11:09 Guard Tower
13:05 Arcane Sanctum
14:07 Scout Tower
14:08 Scout Tower
14:09 Scout Tower
14:10 Scout Tower
14:44 Guard Tower
14:44 Guard Tower
14:44 Guard Tower
14:50 Guard Tower
14:50 Guard Tower
14:50 Guard Tower
14:51 Guard Tower
15:10 Gryphon Aviary
15:12 Gryphon Aviary
15:13 Gryphon Aviary
15:16 Gryphon Aviary
17:47 Farm
17:51 Farm
17:53 Farm
18:01 Scout Tower
18:03 Scout Tower
18:04 Scout Tower
18:06 Scout Tower
18:08 Scout Tower
18:09 Scout Tower
18:10 Scout Tower
18:49 Guard Tower
18:49 Guard Tower
21:09 Farm
21:11 Farm
21:14 Farm
25:05 Farm
28:57 Farm
29:03 Town Hall
34:09 Town Hall
34:14 Town Hall
45:30 Town Hall
51:31 Town Hall
51:54 Town Hall
» items
| Scroll of Regeneration | 6 | |
| Mechanical Critter | 7 | |
| Staff of Teleportation | 1 | |
| Periapt of Vitality | 1 | |
| Tome of Retraining | 1 | |
| Lesser Clarity Potion | 1 | |
| Scroll of Town Portal | 1 | |
| Staff of Sanctuary | 1 | |
19 total
Yeti (
teal | 31 APM | 843 actions | 27:00)
3 Archmage
1 Summon Water Elemental
2 Brilliance Aura
» actions
| Basic commands | 29 | |
| Build / train | 51 | |
| Enter build submenu | 39 | |
| Enter hero's abilities submenu | 3 | |
| Right click | 405 | |
| Select / deselect | 272 | |
| Use ability | 44 | |
843 total
» units
| Peasant | 13 | |
| Footman | 7 | |
| Gryphon Rider | 16 | |
36 total
» upgrades
| Lumber Harvesting | 2 | |
| Masonry | 1 | |
| Storm Hammers | 1 | |
4 total
» buildings
| Altar of Kings | 1 | |
| Farm | 13 | |
| Barracks | 2 | |
| Town Hall | 1 | |
| Keep | 1 | |
| Arcane Vault | 1 | |
| Scout Tower | 9 | |
| Lumber Mill | 1 | |
| Guard Tower | 5 | |
| Castle | 1 | |
| Gryphon Aviary | 3 | |
| Blacksmith | 1 | |
39 total
» build order
00:09 Altar of Kings
00:23 Farm
00:27 Farm
00:41 Barracks
01:51 Barracks
02:07 Farm
03:21 Farm
04:05 Farm
04:46 Town Hall
04:57 Farm
05:01 Farm
06:11 Keep
06:15 Arcane Vault
06:44 Scout Tower
06:46 Scout Tower
07:06 Scout Tower
07:13 Lumber Mill
07:35 Guard Tower
07:43 Scout Tower
08:05 Farm
08:09 Farm
08:10 Guard Tower
08:55 Farm
08:59 Castle
09:21 Farm
09:49 Scout Tower
10:01 Scout Tower
10:10 Gryphon Aviary
10:22 Guard Tower
10:31 Guard Tower
11:53 Gryphon Aviary
11:59 Gryphon Aviary
13:16 Farm
13:18 Farm
13:28 Blacksmith
14:20 Scout Tower
14:36 Scout Tower
14:41 Scout Tower
15:17 Guard Tower
Bozly (
purple | 28 APM | 1089 actions | 39:03)
8 Death Knight
3 Death Coil
3 Unholy Aura
1 Death Pact
1 Animate Dead
» actions
| Build / train | 55 | |
| ESC pressed | 8 | |
| Enter build submenu | 34 | |
| Enter hero's abilities submenu | 8 | |
| Remove unit from queue | 3 | |
| Right click | 701 | |
| Select / deselect | 223 | |
| Use ability | 57 | |
1089 total
» units
| Acolyte | 14 | |
| Ghoul | 3 | |
| Crypt Fiend | 10 | |
| Frost Wyrm | 3 | |
30 total
» upgrades
| Creature Carapace | 1 | |
| Web | 1 | |
| Creature Attack | 3 | |
| Freezing Breath | 1 | |
6 total
» buildings
| Altar of Darkness | 1 | |
| Ziggurat | 18 | |
| Crypt | 1 | |
| Graveyard | 1 | |
| Halls of the Dead | 1 | |
| Spirit Tower | 4 | |
| Black Citadel | 1 | |
| Sacrificial Pit | 1 | |
| Boneyard | 2 | |
| Necropolis | 1 | |
31 total
» build order
00:30 Altar of Darkness
00:34 Ziggurat
00:54 Crypt
01:28 Ziggurat
02:03 Graveyard
02:18 Ziggurat
02:23 Ziggurat
04:20 Halls of the Dead
05:06 Spirit Tower
05:08 Spirit Tower
05:12 Spirit Tower
06:47 Black Citadel
09:22 Ziggurat
09:31 Sacrificial Pit
09:40 Ziggurat
12:11 Boneyard
12:24 Boneyard
12:31 Ziggurat
12:55 Ziggurat
12:59 Ziggurat
13:46 Ziggurat
13:48 Ziggurat
13:51 Ziggurat
13:56 Ziggurat
17:25 Ziggurat
18:54 Spirit Tower
18:59 Ziggurat
24:53 Necropolis
24:59 Ziggurat
26:06 Ziggurat
27:13 Ziggurat
» items
team 2 (loser)
MEZZOANIME (
green | 40 APM | 2246 actions | 56:46)
6 Far Seer
3 Feral Spirit
2 Chain Lighting
1 Earth Quake
» actions
| Assign group hotkey | 66 | |
| Basic commands | 14 | |
| Build / train | 77 | |
| Enter build submenu | 26 | |
| Enter hero's abilities submenu | 6 | |
| Give item / drop item | 6 | |
| Remove unit from queue | 2 | |
| Right click | 906 | |
| Select / deselect | 402 | |
| Select group hotkey | 601 | |
| Use ability | 140 | |
2246 total
» units
| Peon | 18 | |
| Grunt | 3 | |
| Goblin Shredder | 2 | |
| Wind Rider | 6 | |
| Goblin Zeppelin | 1 | |
| Goblin Sapper | 4 | |
34 total
» upgrades
| Reinforced Defenses | 1 | |
| Ranged Weapons | 3 | |
| Armor | 3 | |
| Envenomed Spears | 1 | |
| Liquid Fire | 1 | |
| Ensnare | 1 | |
10 total
» buildings
| Altar of Storms | 1 | |
| Orc Burrow | 7 | |
| Barracks | 1 | |
| Voodoo Lounge | 2 | |
| Stronghold | 5 | |
| War Mill | 2 | |
| Great Hall | 3 | |
| Fortress | 3 | |
| Beastiary | 4 | |
| Watch Tower | 27 | |
55 total
» build order
00:07 Altar of Storms
00:22 Orc Burrow
00:37 Barracks
01:33 Orc Burrow
02:00 Voodoo Lounge
02:57 Stronghold
02:57 Stronghold
03:38 Orc Burrow
04:05 War Mill
04:50 Great Hall
05:37 Fortress
06:40 Beastiary
06:42 Beastiary
08:30 Watch Tower
08:31 Watch Tower
08:31 Watch Tower
08:32 Watch Tower
08:33 Watch Tower
11:20 Watch Tower
11:20 Watch Tower
11:21 Watch Tower
11:25 Watch Tower
11:25 Watch Tower
11:26 Watch Tower
11:26 Watch Tower
11:35 Great Hall
11:38 Watch Tower
11:38 Watch Tower
11:39 Watch Tower
11:39 Watch Tower
11:40 Watch Tower
11:41 Watch Tower
11:42 Watch Tower
11:42 Watch Tower
11:43 Watch Tower
13:10 Watch Tower
13:12 Watch Tower
13:25 Beastiary
13:27 Orc Burrow
14:06 Voodoo Lounge
16:07 Stronghold
16:18 Orc Burrow
17:36 Beastiary
19:04 Fortress
19:06 War Mill
19:32 Great Hall
19:43 Orc Burrow
19:45 Orc Burrow
22:22 Watch Tower
22:22 Watch Tower
25:23 Watch Tower
25:25 Watch Tower
» items
| Staff of Teleportation | 1 | |
| Healing Salve | 4 | |
| Boots of Speed | 1 | |
| Potion of Lesser Invulnerability | 2 | |
| Scroll of Town Portal | 4 | |
| Orb of Lightning | 1 | |
| Potion of Healing | 1 | |
14 total

»
Gillman (
orange | 29 APM | 1595 actions | 55:08)
5 Blademaster
3 Wind Walk
2 Critical Strike
1 Dark Ranger
1 Black Arrow
» actions
| Basic commands | 4 | |
| Build / train | 60 | |
| ESC pressed | 2 | |
| Enter build submenu | 31 | |
| Enter hero's abilities submenu | 6 | |
| Give item / drop item | 2 | |
| Right click | 1119 | |
| Select / deselect | 247 | |
| Use ability | 124 | |
1595 total
» units
| Peon | 12 | |
| Grunt | 3 | |
| Tauren | 8 | |
| Shaman | 5 | |
28 total
» upgrades
| Melee Weapons | 2 | |
| Armor | 2 | |
| Shaman Training | 2 | |
| Pulverize | 1 | |
7 total
» buildings
| Altar of Storms | 1 | |
| Orc Burrow | 15 | |
| Barracks | 1 | |
| War Mill | 1 | |
| Voodoo Lounge | 1 | |
| Stronghold | 1 | |
| Fortress | 1 | |
| Spirit Lodge | 1 | |
| Tauren Totem | 3 | |
| Watch Tower | 2 | |
| Beastiary | 1 | |
| Great Hall | 1 | |
29 total
» build order
00:15 Altar of Storms
00:24 Orc Burrow
00:48 Barracks
01:31 War Mill
01:56 Voodoo Lounge
02:16 Orc Burrow
03:20 Stronghold
05:43 Fortress
06:26 Orc Burrow
06:29 Spirit Lodge
07:23 Orc Burrow
08:14 Tauren Totem
08:35 Tauren Totem
08:42 Tauren Totem
09:35 Orc Burrow
14:05 Orc Burrow
14:54 Orc Burrow
16:35 Orc Burrow
18:30 Orc Burrow
18:42 Orc Burrow
18:44 Orc Burrow
19:36 Watch Tower
19:40 Watch Tower
22:56 Beastiary
27:32 Great Hall
33:35 Orc Burrow
33:38 Orc Burrow
44:01 Orc Burrow
45:14 Orc Burrow
» items
| Healing Salve | 4 | |
| Lesser Clarity Potion | 4 | |
| Boots of Speed | 1 | |
| Staff of Teleportation | 1 | |
| Orb of Lightning | 1 | |
| Potion of Healing | 2 | |
| Scroll of Town Portal | 2 | |
15 total
zeldaXlove64 (
red | 26 APM | 1042 actions | 39:26)
5 Death Knight
2 Death Coil
3 Unholy Aura
4 Lich
2 Frost Nova
2 Frost Armor
3 Dreadlord
2 Carrion Swarm
1 Sleep
» actions
| Basic commands | 9 | |
| Build / train | 77 | |
| Enter build submenu | 23 | |
| Enter hero's abilities submenu | 12 | |
| Give item / drop item | 3 | |
| Right click | 435 | |
| Select / deselect | 411 | |
| Use ability | 71 | |
1042 total
» units
| Acolyte | 15 | |
| Ghoul | 4 | |
| Crypt Fiend | 9 | |
| Frost Wyrm | 8 | |
| Gargoyle | 4 | |
40 total
» upgrades
| Creature Attack | 2 | |
| Creature Carapace | 2 | |
| Web | 1 | |
| Freezing Breath | 1 | |
6 total
» buildings
| Graveyard | 1 | |
| Crypt | 1 | |
| Ziggurat | 11 | |
| Altar of Darkness | 1 | |
| Tomb of Relics | 1 | |
| Nerubian Tower | 2 | |
| Necropolis | 1 | |
| Halls of the Dead | 1 | |
| Spirit Tower | 5 | |
| Black Citadel | 1 | |
| Sacrificial Pit | 1 | |
| Boneyard | 3 | |
29 total
» build order
00:58 Graveyard
01:03 Crypt
01:08 Ziggurat
01:14 Altar of Darkness
01:23 Ziggurat
01:34 Tomb of Relics
02:02 Nerubian Tower
02:20 Ziggurat
05:53 Necropolis
06:04 Halls of the Dead
07:27 Ziggurat
07:29 Ziggurat
07:31 Ziggurat
07:36 Ziggurat
08:23 Spirit Tower
08:24 Spirit Tower
08:26 Nerubian Tower
08:30 Spirit Tower
08:54 Black Citadel
08:57 Sacrificial Pit
11:50 Boneyard
11:54 Boneyard
11:59 Boneyard
12:06 Ziggurat
12:10 Ziggurat
13:04 Spirit Tower
16:27 Ziggurat
16:30 Ziggurat
18:54 Spirit Tower
» items
| Rod of Necromancy | 1 | |
| Scroll of Town Portal | 4 | |
| Potion of Lesser Invulnerability | 1 | |
| Scroll of Protection | 1 | |
7 total

»
pedrotheking (
blue | 42 APM | 1364 actions | 32:51)
4 Archmage
2 Summon Water Elemental
2 Brilliance Aura
1 Mountain King
1 Storm Bolt
» actions
| Assign group hotkey | 39 | |
| Basic commands | 129 | |
| Build / train | 79 | |
| ESC pressed | 15 | |
| Enter build submenu | 32 | |
| Enter hero's abilities submenu | 5 | |
| Remove unit from queue | 1 | |
| Right click | 380 | |
| Select / deselect | 458 | |
| Select group hotkey | 151 | |
| Use ability | 75 | |
1364 total
» units
| Peasant | 11 | |
| Footman | 9 | |
| Knight | 6 | |
| Priest | 2 | |
| Flying Machine | 21 | |
49 total
» upgrades
| Animal War Training | 1 | |
| Swords | 3 | |
| Priest Training | 2 | |
| Gunpowder | 2 | |
| Fragmentation Shards | 0 | |
| Flak Cannons | 1 | |
| Armor | 1 | |
10 total
» buildings
| Altar of Kings | 1 | |
| Farm | 11 | |
| Barracks | 2 | |
| Arcane Vault | 1 | |
| Scout Tower | 2 | |
| Arcane Tower | 1 | |
| Keep | 1 | |
| Blacksmith | 1 | |
| Lumber Mill | 1 | |
| Castle | 1 | |
| Arcane Sanctum | 1 | |
| Workshop | 4 | |
27 total
» build order
00:05 Altar of Kings
00:08 Farm
00:41 Farm
01:17 Barracks
01:26 Farm
01:36 Farm
01:52 Barracks
02:29 Arcane Vault
02:34 Scout Tower
02:36 Scout Tower
02:46 Farm
03:05 Arcane Tower
04:53 Keep
04:56 Farm
06:48 Blacksmith
06:59 Lumber Mill
07:13 Farm
07:33 Castle
09:55 Arcane Sanctum
10:07 Farm
10:08 Farm
18:29 Workshop
18:31 Workshop
18:37 Workshop
18:39 Workshop
21:21 Farm
24:37 Farm
» items
| Healing Salve | 1 | |
| Lesser Clarity Potion | 1 | |
| Scroll of Speed | 1 | |
| Potion of Healing | 1 | |
| Scroll of Regeneration | 1 | |
| Boots of Speed | 1 | |
| Circlet of Nobility | 1 | |
| Scroll of Town Portal | 1 | |
| Scroll of Protection | 1 | |
9 total
Chat log
(00:09 / All) RodTheKnight: Pedro, invite please
(00:12 / All) MEZZOANIME: NO USAGE CAP GOD DAMN IM HAPPY
(00:15 / All) MEZZOANIME: ALSO OCARINA OF TIME #1
(00:33 / Allies) Yeti: 2015 and hes lagging ...
(00:48 / All) MEZZOANIME: yeti is a great player
(01:02 / All) Yeti: yes so leave
(01:04 / All) MEZZOANIME: i remember the first time i played a 4v4 game on wc3 i was all nervous
(01:19 / All) BobTheRonin: I remember custom games always said "no noobs"
(01:24 / All) BobTheRonin: so i thought I couldn't join those games
(01:34 / All) RodTheKnight: I remember that
(01:44 / All) RodTheKnight: I never joined matches unless I tried them in single player or something first
(01:54 / All) RodTheKnight: or got in a "noobs only" game
(01:55 / All) BobTheRonin: I jsut didn't play
(01:58 / All) MEZZOANIME: i was never able to cuz i wwas on 12k dial up
(02:03 / All) RodTheKnight: dota always said noobs only
(02:05 / All) BobTheRonin: till I realized there's no way they could tell
(02:17 / All) RodTheKnight: they'd kick you if you were dling the map a lot of the time
(02:38 / All) BobTheRonin: red really fucked my build with his lag
(02:50 / All) RodTheKnight: He should uninstall
(05:27 / All) BobTheRonin: |bnitch
(06:10 / All) BobTheRonin: wayne brady gonna have to choke a bitch?
(06:19 / All) RodTheKnight: I wish anyone who even lagged a little instant dropped
(06:24 / All) RodTheKnight: like in pro matches
(06:25 / All) RodTheKnight: with obs
(06:35 / All) RodTheKnight: just instant kick for 1 second of lag
(07:12 / Allies) RodTheKnight: share control
(07:16 / Allies) RodTheKnight: so I cna get a zep
(07:32 / Allies) RodTheKnight: or not
(08:26 / All) Yeti: lol
(08:28 / All) Yeti: nice
(10:13 / All) zeldaXlove64: how did you like dem apples?
(10:45 / All) RodTheKnight: maphacker?
(10:50 / All) RodTheKnight: you knew just where I was
(11:09 / Allies) Bozly: gold plz
(11:21 / All) RodTheKnight: thanks for the xp blue
(11:28 / All) Yeti: lol
(12:08 / Allies) BobTheRonin: bring da fiends
(12:34 / All) RodTheKnight: thanks for all the xp blue
(12:36 / All) RodTheKnight: very appreciated
(13:15 / All) RodTheKnight: lol
(13:28 / All) RodTheKnight: hahahaha
(13:32 / All) RodTheKnight: you suck
(14:34 / All) MEZZOANIME: love the lag
(14:58 / Allies) RodTheKnight: share control
(15:04 / Allies) RodTheKnight: or is that not yours
(17:27 / All) Yeti: ....
(17:44 / Allies) Yeti: gonna fucking help or no
(17:48 / Allies) RodTheKnight: no
(17:56 / Allies) Yeti: k
(18:31 / All) BobTheRonin: Good lord
(18:38 / All) RodTheKnight: His lag is as unbearable as you not giving control over your critter
(18:50 / All) BobTheRonin: Red
(18:57 / All) BobTheRonin: You effect 7 other players every game you know?
(19:03 / All) RodTheKnight: great now I have dumbass teal tking me
(19:13 / All) RodTheKnight: on top of a wyrmbot about to hit me and an unresponsive tk ally
(19:20 / Allies) BobTheRonin: what c ould he help with you moron?
(19:27 / All) Yeti: i tk cause your shit and play solo
(19:47 / Allies) BobTheRonin: wow teal you're such a crybaby
(19:51 / All) Yeti: meh
(19:56 / All) Yeti: im not the one complaining
(20:01 / Allies) BobTheRonin: yeah you are
(20:20 / All) Yeti: maybe instead of mass towers he could have go units
(20:23 / Allies) BobTheRonin: we couldn't help cuz we had nothing to counter
(20:27 / Allies) BobTheRonin: what's your excuse retard?
(20:30 / Allies) BobTheRonin: you have mass air
(22:11 / Allies) BobTheRonin: let's attack bottom purple
(22:40 / Allies) RodTheKnight: I don't understand why you can't share control
(22:48 / Allies) BobTheRonin: mne?
(22:59 / Allies) RodTheKnight: I kept asking over and over to share because of your critter at the goblin lab lawl
(23:09 / Allies) RodTheKnight: you never answered
(23:40 / All) RodTheKnight: I'd be level 7 by now if not for faggot teal
(23:50 / All) Yeti: hes still crying
(23:57 / All) RodTheKnight: you're the one crying by the end of this
(24:07 / Allies) BobTheRonin: teal just leave
(24:11 / Allies) BobTheRonin: stop being a babyback bitch lawl
(24:20 / All) Yeti: nah imm pick you fucks off when you fight them
(24:21 / Allies) BobTheRonin: boohoo you didn't tp with your footmen
(26:02 / All) Yeti: lol yellow
(26:23 / All) RodTheKnight: wtf
(26:29 / All) RodTheKnight: how the fuck did those hacks get left behind
(26:35 / All) RodTheKnight: I ordered control group 2
(28:07 / All) BobTheRonin: what was teals excuse for not helping his own base?
(28:39 / All) RodTheKnight: I'm just a moving you noobs
(29:16 / Allies) BobTheRonin: ;et's attack top
(29:18 / Allies) RodTheKnight: k
(29:22 / Allies) RodTheKnight: they killed all my critters
(29:26 / Allies) RodTheKnight: mass tp useless for me
(30:37 / Allies) BobTheRonin: attack blues base first
(30:47 / All) RodTheKnight: This game frustrated me
(30:49 / Allies) BobTheRonin: focus the gyros
(30:53 / Allies) BobTheRonin: teal was retarded
(30:59 / All) pedrotheking: our ally has 15000 gold
(31:01 / All) Gillman: TOWER UP TOO
(31:33 / Allies) BobTheRonin: you net wyrmms
(31:57 / Allies) BobTheRonin: you can net gyros?
(32:05 / Allies) BobTheRonin: I had no idea lol
(32:07 / Allies) RodTheKnight: oh shit can you?
(32:09 / Allies) RodTheKnight: I was just spamming it
(32:12 / Allies) RodTheKnight: not even watchign and a moving
(32:23 / Allies) BobTheRonin: I think I saw
(32:25 / Allies) BobTheRonin: gyros netted
(32:33 / Allies) RodTheKnight: oh shit
(32:36 / Allies) RodTheKnight: that's good to know
(34:58 / All) RodTheKnight: orange is one of the worst hackers ever
(35:05 / All) RodTheKnight: I do better than him when frustrated and barely trying
(35:23 / All) BobTheRonin: we played 3 games with him lel
(35:29 / All) MEZZOANIME: al game red
(35:31 / All) BobTheRonin: YOU ARE SO ANNOYING
(35:36 / All) BobTheRonin: UGH GAG ME WITH A SPOON!
(36:25 / All) zeldaXlove64: so what is green like 5 yrs old?
(36:35 / All) RodTheKnight: at least he has better internet than you
(36:39 / All) BobTheRonin: why you so mad?
(38:15 / All) RodTheKnight: I revealed right there
(38:15 / All) RodTheKnight: wtf
(38:34 / All) RodTheKnight: D
(38:34 / All) RodTheKnight: D
(38:36 / All) BobTheRonin: D
(38:37 / All) BobTheRonin: D
(38:37 / All) MEZZOANIME: well go ddamn im fighting a 1v4
(38:51 / All) zeldaXlove64: lol yeah?
(40:28 / All) BobTheRonin: I am the dragon master!
(41:39 / All) RodTheKnight: LOL TRAPPED
(43:01 / All) BobTheRonin: lel
(43:16 / All) RodTheKnight: nothing is worse than chasing blademasters
(43:21 / All) Gillman: there is something wrong with green
(43:22 / All) MEZZOANIME: warden 10
(43:29 / All) RodTheKnight: oh yeah lawl
(48:59 / All) RodTheKnight: nice teamwork
(49:00 / All) MEZZOANIME: lol
(49:00 / All) BobTheRonin: did he try to tp stafF?
(49:02 / All) BobTheRonin: lol
(49:03 / All) Gillman: lol
(49:04 / All) MEZZOANIME: yes to me
(49:07 / All) BobTheRonin: LOL
(49:14 / All) RodTheKnight: good job yellow
(49:19 / All) Gillman: green
(49:21 / All) RodTheKnight: fucking retard green staffing
(49:22 / All) RodTheKnight: lmao
(49:27 / All) Gillman: seriously are u retarded
(49:33 / All) RodTheKnight: he's still better than you
(49:33 / All) MEZZOANIME: no
(49:33 / All) RodTheKnight: LOL
(49:35 / All) MEZZOANIME: i am not
(49:39 / All) MEZZOANIME: i have a good interne tnow
(49:46 / All) Gillman: oh thats good
(49:49 / All) Gillman: what kind
(49:50 / All) BobTheRonin: lawl
(49:56 / All) MEZZOANIME: good
(50:03 / All) BobTheRonin: no where to run now boy
(50:05 / All) BobTheRonin: no where to hide
(50:13 / All) BobTheRonin: As sure as death I'm coming for you!
(50:20 / All) Gillman: lol
(50:31 / All) MEZZOANIME: u ruthless
(50:39 / All) MEZZOANIME: orange didnt like me i think
(50:48 / All) Gillman: not that
(51:05 / All) Gillman: u have 15 k
(51:14 / All) MEZZOANIME: only 14k and 18k wood
(51:20 / All) Gillman: lol
(52:00 / All) MEZZOANIME: mercy m'lord
(52:03 / All) Gillman: seahawks or patriots?
(52:07 / All) MEZZOANIME: for king jeoffry
(52:09 / All) BobTheRonin: GRONK
(52:13 / All) MEZZOANIME: pats gonna rape seahawks
(52:16 / All) MEZZOANIME: sherman is a thug
(52:30 / All) Gillman: i like the seahawks in this one
(52:33 / All) MEZZOANIME: who wasted red our last game on murgoal oasis
(52:41 / All) RodTheKnight: me
(52:46 / All) MEZZOANIME: i saw purple kill him with 4 bats
(52:55 / All) RodTheKnight: Purp got his fiends and bats
(52:57 / All) BobTheRonin: The small dragons and big dragons don't have same shade of yellow
(52:59 / All) RodTheKnight: then I finished his base and last units
(53:09 / All) BobTheRonin: It's the same model except downsized and different hue lel
(53:28 / All) Gillman: yellow move
(53:35 / All) Gillman: i wanna see where u are launching from
(53:45 / All) MEZZOANIME: doesnt amtter where is bm is lawl
(54:17 / All) MEZZOANIME: oj can u recommend any good shows on netflix
(54:19 / All) MEZZOANIME: or movies
(54:26 / All) Gillman: peaky blinders
(54:35 / All) BobTheRonin: NOT Gotham
(54:38 / All) BobTheRonin: Gotham is crap
(54:45 / All) MEZZOANIME: that shit with batman as a kid?
(54:50 / All) BobTheRonin: Yehh
(55:17 / All) MEZZOANIME: yes
(55:25 / All) MEZZOANIME: u two have the same damn lookalike name i can ttell u apart
(55:34 / All) MEZZOANIME: up to rod
(55:34 / All) BobTheRonin: dawg
(55:38 / All) BobTheRonin: rodtheknight
(55:39 / All) RodTheKnight: I'd like a break
(55:40 / All) BobTheRonin: bobtheronin
(55:42 / All) BobTheRonin: it has our names
(55:43 / All) MEZZOANIME: a break
(55:44 / All) MEZZOANIME: yes
(55:46 / All) BobTheRonin: Let's play in 15 min
(55:54 / All) MEZZOANIME: hour?
(55:57 / All) RodTheKnight: I prefer half an hour
(55:59 / All) MEZZOANIME: or 30 min i say
(55:59 / All) BobTheRonin: you won't return
(56:03 / All) MEZZOANIME: i want ot watch game of throne
(56:04 / All) BobTheRonin: 30 minutes
(56:05 / All) MEZZOANIME: yes i will
(56:05 / All) RodTheKnight: 30 mins
(56:06 / All) BobTheRonin: be sure to return
(56:08 / All) MEZZOANIME: i leave my comp on
(56:11 / All) BobTheRonin: Or I won't forgive
(56:14 / All) MEZZOANIME: ok in 30
(56:15 / All) BobTheRonin: and never forget
(56:16 / All) RodTheKnight: or an hour, and we two can play in 30 mins
(56:19 / All) RodTheKnight: then you join our next game
(56:45 / All) RodTheKnight: Who loses?